General information
- name: BNet
- type: Ladder team game (AT/RT)
- host: Battle.net
- saver: BEAR_AND
map: RiverOfSouls
- players: 6
- length: 22:41
- speed: Fast
- version: 1.21 W3XP
- replay type:

» download(185 KB)
Players
team 1 (loser)
P1T-L0RD (
pink | 77 APM | 1488 actions | 19:26)
3 Death Knight
2 Death Coil
1 Unholy Aura
2 Lich
1 Frost Nova
1 Frost Armor
» actions
| Assign group hotkey | 214 | |
| Basic commands | 44 | |
| Build / train | 46 | |
| Enter build submenu | 17 | |
| Enter hero's abilities submenu | 5 | |
| Give item / drop item | 3 | |
| Right click | 624 | |
| Select / deselect | 279 | |
| Select group hotkey | 211 | |
| Use ability | 45 | |
1488 total
» units
| Acolyte | 2 | |
| Ghoul | 5 | |
| Crypt Fiend | 10 | |
| Frost Wyrm | 3 | |
20 total
» upgrades
| Creature Attack | 3 | |
| Creature Carapace | 2 | |
| Web | 1 | |
| Burrow | 1 | |
7 total
» buildings
| Graveyard | 1 | |
| Crypt | 1 | |
| Ziggurat | 6 | |
| Tomb of Relics | 1 | |
| Altar of Darkness | 1 | |
| Nerubian Tower | 1 | |
| Halls of the Dead | 1 | |
| Black Citadel | 1 | |
| Spirit Tower | 3 | |
| Sacrificial Pit | 1 | |
| Boneyard | 1 | |
18 total
» build order
00:14 Graveyard
00:21 Crypt
00:34 Ziggurat
00:42 Tomb of Relics
00:57 Ziggurat
01:18 Altar of Darkness
02:57 Nerubian Tower
04:33 Halls of the Dead
04:55 Ziggurat
07:31 Black Citadel
07:53 Ziggurat
09:37 Spirit Tower
09:39 Spirit Tower
09:40 Spirit Tower
10:38 Sacrificial Pit
11:30 Boneyard
11:58 Ziggurat
14:39 Ziggurat
» items
| Rod of Necromancy | 1 | |
| Healing Salve | 1 | |
| Scroll of Town Portal | 1 | |
| Scroll of Healing | 1 | |
| Dust of Appearance | 1 | |
| Orb of Corruption | 1 | |
6 total
Procede (
yellow | 114 APM | 2585 actions | 22:40)
2 Tauren Chieftain
1 Endurance Aura
1 Shockwave
1 Pandaren Brewmaster
1 Breath of Fire
» actions
| Assign group hotkey | 41 | |
| Basic commands | 111 | |
| Build / train | 53 | |
| ESC pressed | 3 | |
| Enter build submenu | 20 | |
| Enter hero's abilities submenu | 5 | |
| Remove unit from queue | 1 | |
| Right click | 961 | |
| Select / deselect | 532 | |
| Select group hotkey | 788 | |
| Use ability | 70 | |
2585 total
» units
| Peon | 8 | |
| Troll Headhunter/Berserker | 11 | |
| Demolisher | 10 | |
| Shaman | 4 | |
| Troll Witch Doctor | 3 | |
36 total
» upgrades
| Shaman Training | 2 | |
| Burning Oil | 1 | |
| Witch Doctor Training | 2 | |
5 total
» buildings
| War Mill | 1 | |
| Barracks | 1 | |
| Orc Burrow | 7 | |
| Altar of Storms | 1 | |
| Voodoo Lounge | 1 | |
| Stronghold | 1 | |
| Spirit Lodge | 2 | |
| Fortress | 1 | |
| Watch Tower | 4 | |
19 total
» build order
00:04 War Mill
00:22 Barracks
00:42 Orc Burrow
01:09 Altar of Storms
01:56 Orc Burrow
02:42 Voodoo Lounge
03:09 Orc Burrow
04:32 Stronghold
06:45 Orc Burrow
07:37 Spirit Lodge
07:39 Fortress
10:40 Spirit Lodge
12:12 Watch Tower
12:13 Watch Tower
12:46 Watch Tower
12:46 Watch Tower
14:16 Orc Burrow
15:34 Orc Burrow
16:32 Orc Burrow
» items
| Healing Salve | 2 | |
| Potion of Healing | 1 | |
| Orb of Lightning | 1 | |
4 total
Pyro.ArcheR. (
teal | 67 APM | 1375 actions | 20:26)
2 Priestess of the Moon
1 Trueshot Aura
1 Searing Arrows
1 Pandaren Brewmaster
1 Breath of Fire
» actions
| Assign group hotkey | 21 | |
| Basic commands | 4 | |
| Build / train | 62 | |
| Enter build submenu | 17 | |
| Enter hero's abilities submenu | 3 | |
| Give item / drop item | 1 | |
| Remove unit from queue | 8 | |
| Right click | 730 | |
| Select / deselect | 274 | |
| Select group hotkey | 200 | |
| Use ability | 55 | |
1375 total
» units
| Wisp | 21 | |
| Archer | 6 | |
| Huntress | 3 | |
| Glaive Thrower | 6 | |
| Druid of the Claw | 6 | |
42 total
» upgrades
| Strength of the Moon | 1 | |
| Moon Armor | 1 | |
| Improved Bows | 1 | |
| Druid of the Claw Training | 2 | |
5 total
» buildings
| Altar of Elders | 2 | |
| Moon Well | 7 | |
| Ancient of War | 3 | |
| Hunter's Hall | 1 | |
| Tree of Ages | 1 | |
| Ancient of Lore | 2 | |
| Ancient of Wonders | 1 | |
| Tree of Eternity | 1 | |
18 total
» build order
00:06 Altar of Elders
00:11 Altar of Elders
00:14 Moon Well
01:58 Ancient of War
02:41 Ancient of War
02:42 Ancient of War
02:45 Hunter's Hall
02:49 Moon Well
04:43 Tree of Ages
06:11 Moon Well
08:08 Moon Well
09:37 Ancient of Lore
10:35 Ancient of Wonders
13:36 Tree of Eternity
13:54 Moon Well
15:26 Ancient of Lore
16:36 Moon Well
17:30 Moon Well
» items
team 2 (winner)
BEAR_AND (
blue | 110 APM | 2500 actions | 22:41)
3 Blademaster
2 Wind Walk
1 Critical Strike
» actions
| Assign group hotkey | 6 | |
| Basic commands | 4 | |
| Build / train | 52 | |
| Enter build submenu | 32 | |
| Enter hero's abilities submenu | 3 | |
| Give item / drop item | 1 | |
| Right click | 1820 | |
| Select / deselect | 192 | |
| Select group hotkey | 276 | |
| Use ability | 113 | |
2500 total
» units
» upgrades
| Ranged Weapons | 2 | |
| Liquid Fire | 1 | |
3 total
» buildings
| War Mill | 1 | |
| Orc Burrow | 5 | |
| Altar of Storms | 1 | |
| Watch Tower | 17 | |
| Voodoo Lounge | 2 | |
| Stronghold | 1 | |
| Beastiary | 2 | |
| Fortress | 1 | |
30 total
» build order
00:28 War Mill
00:34 Orc Burrow
00:36 Altar of Storms
02:03 Watch Tower
02:11 Watch Tower
03:15 Watch Tower
03:20 Watch Tower
03:22 Watch Tower
03:42 Voodoo Lounge
03:49 Voodoo Lounge
04:23 Watch Tower
04:27 Stronghold
04:32 Watch Tower
05:04 Watch Tower
05:58 Watch Tower
06:04 Watch Tower
06:10 Watch Tower
07:17 Beastiary
07:35 Beastiary
07:44 Orc Burrow
09:42 Watch Tower
11:15 Orc Burrow
11:18 Watch Tower
11:20 Watch Tower
11:21 Watch Tower
12:17 Orc Burrow
13:10 Fortress
13:56 Orc Burrow
15:41 Watch Tower
15:45 Watch Tower
» items
| Healing Salve | 4 | |
| Lesser Clarity Potion | 9 | |
| Scroll of Town Portal | 1 | |
| Boots of Speed | 1 | |
| Staff of Teleportation | 1 | |
| Scroll of Speed | 1 | |
| Orb of Lightning | 1 | |
18 total
iggy_the_fisk (
green | 111 APM | 2523 actions | 22:40)
2 Archmage
1 Blizzard
1 Brilliance Aura
2 Blood Mage
1 Flame Strike
1 Siphon Mana
» actions
| Assign group hotkey | 136 | |
| Basic commands | 13 | |
| Build / train | 123 | |
| Enter build submenu | 72 | |
| Enter hero's abilities submenu | 4 | |
| Give item / drop item | 2 | |
| Right click | 1296 | |
| Select / deselect | 264 | |
| Select group hotkey | 476 | |
| Use ability | 137 | |
2523 total
» units
» upgrades
| Masonry | 3 | |
| Lumber Harvesting | 2 | |
| Magic Sentry | 1 | |
6 total
» buildings
| Altar of Kings | 1 | |
| Lumber Mill | 1 | |
| Farm | 5 | |
| Scout Tower | 57 | |
| Arcane Tower | 7 | |
| Guard Tower | 53 | |
| Town Hall | 1 | |
| Keep | 4 | |
| Arcane Sanctum | 1 | |
| Castle | 1 | |
| Arcane Vault | 1 | |
132 total
» build order
00:12 Altar of Kings
00:21 Lumber Mill
00:27 Farm
00:55 Farm
01:25 Scout Tower
01:52 Arcane Tower
01:52 Arcane Tower
01:52 Arcane Tower
01:54 Scout Tower
02:06 Scout Tower
02:17 Scout Tower
02:22 Arcane Tower
02:22 Arcane Tower
02:22 Arcane Tower
02:23 Arcane Tower
02:38 Guard Tower
02:39 Scout Tower
02:47 Guard Tower
02:47 Guard Tower
02:47 Guard Tower
02:51 Scout Tower
03:13 Guard Tower
03:14 Scout Tower
03:26 Guard Tower
03:29 Scout Tower
04:07 Guard Tower
04:08 Guard Tower
04:08 Guard Tower
04:15 Guard Tower
04:15 Guard Tower
04:16 Guard Tower
04:34 Scout Tower
05:02 Scout Tower
05:04 Guard Tower
05:28 Scout Tower
05:41 Scout Tower
05:55 Town Hall
05:56 Guard Tower
06:00 Guard Tower
06:02 Scout Tower
06:10 Scout Tower
06:11 Guard Tower
07:36 Scout Tower
07:37 Guard Tower
07:40 Scout Tower
08:04 Guard Tower
08:15 Scout Tower
08:15 Scout Tower
08:37 Keep
08:37 Keep
08:37 Keep
08:37 Keep
09:11 Guard Tower
09:13 Scout Tower
09:27 Guard Tower
09:29 Scout Tower
09:41 Guard Tower
10:22 Guard Tower
10:29 Farm
10:29 Farm
10:33 Farm
10:40 Scout Tower
10:43 Scout Tower
10:47 Scout Tower
10:48 Scout Tower
10:51 Scout Tower
10:53 Scout Tower
10:59 Scout Tower
11:18 Guard Tower
11:19 Scout Tower
11:29 Scout Tower
11:46 Guard Tower
12:01 Guard Tower
12:03 Scout Tower
12:21 Guard Tower
12:21 Guard Tower
12:21 Guard Tower
12:24 Guard Tower
12:24 Guard Tower
12:24 Guard Tower
12:31 Guard Tower
12:32 Guard Tower
13:05 Guard Tower
13:07 Scout Tower
13:08 Scout Tower
13:37 Guard Tower
14:06 Guard Tower
14:09 Scout Tower
14:10 Scout Tower
14:19 Arcane Sanctum
14:20 Scout Tower
14:21 Scout Tower
14:22 Castle
14:31 Scout Tower
14:32 Scout Tower
14:36 Scout Tower
14:38 Arcane Vault
14:42 Guard Tower
14:57 Guard Tower
14:58 Scout Tower
14:59 Scout Tower
15:28 Scout Tower
15:30 Scout Tower
15:32 Guard Tower
15:36 Scout Tower
15:50 Guard Tower
16:37 Guard Tower
16:42 Scout Tower
16:43 Scout Tower
16:45 Scout Tower
16:50 Scout Tower
16:57 Guard Tower
17:18 Guard Tower
17:19 Scout Tower
17:22 Scout Tower
17:24 Scout Tower
18:16 Guard Tower
19:02 Scout Tower
19:19 Scout Tower
19:20 Scout Tower
19:28 Scout Tower
19:44 Guard Tower
20:33 Guard Tower
20:36 Scout Tower
20:39 Scout Tower
21:08 Guard Tower
» items
| Boots of Speed | 1 | |
| Staff of Teleportation | 1 | |
| Healing Salve | 5 | |
| Lesser Clarity Potion | 3 | |
| Scroll of Town Portal | 2 | |
| Scroll of Speed | 1 | |
| Scroll of Regeneration | 1 | |
| Staff of Sanctuary | 2 | |
| Orb of Lightning | 2 | |
18 total
TIMG4STRok (
red | 81 APM | 1845 actions | 22:40)
3 Archmage
2 Blizzard
1 Brilliance Aura
3 Pandaren Brewmaster
2 Breath of Fire
1 Drunken Brawler
» actions
| Assign group hotkey | 5 | |
| Basic commands | 43 | |
| Build / train | 97 | |
| ESC pressed | 4 | |
| Enter build submenu | 62 | |
| Enter hero's abilities submenu | 6 | |
| Give item / drop item | 2 | |
| Right click | 848 | |
| Select / deselect | 201 | |
| Select group hotkey | 383 | |
| Use ability | 194 | |
1845 total
» units
| Peasant | 20 | |
| Dragonhawk Rider | 5 | |
25 total
» upgrades
| Masonry | 3 | |
| Lumber Harvesting | 2 | |
| Magic Sentry | 1 | |
| Cloud | 1 | |
| Armor | 2 | |
| Swords | 1 | |
| Animal War Training | 1 | |
11 total
» buildings
| Lumber Mill | 1 | |
| Farm | 5 | |
| Altar of Kings | 1 | |
| Scout Tower | 75 | |
| Arcane Tower | 2 | |
| Guard Tower | 34 | |
| Town Hall | 1 | |
| Keep | 1 | |
| Arcane Sanctum | 1 | |
| Castle | 1 | |
| Gryphon Aviary | 1 | |
| Arcane Vault | 2 | |
| Barracks | 1 | |
| Blacksmith | 1 | |
127 total
» build order
00:18 Lumber Mill
00:21 Farm
00:39 Altar of Kings
00:44 Scout Tower
01:10 Arcane Tower
01:11 Arcane Tower
01:29 Scout Tower
02:02 Guard Tower
02:09 Farm
02:15 Scout Tower
02:46 Guard Tower
02:47 Scout Tower
02:49 Scout Tower
03:17 Guard Tower
03:39 Scout Tower
03:40 Scout Tower
04:11 Guard Tower
04:25 Town Hall
04:42 Scout Tower
05:13 Keep
05:36 Guard Tower
05:38 Scout Tower
06:24 Scout Tower
06:28 Scout Tower
06:36 Scout Tower
06:38 Scout Tower
06:39 Scout Tower
06:40 Scout Tower
06:48 Guard Tower
07:26 Guard Tower
07:36 Scout Tower
07:48 Guard Tower
07:49 Scout Tower
07:51 Scout Tower
07:52 Scout Tower
09:19 Guard Tower
09:20 Scout Tower
09:22 Scout Tower
09:22 Scout Tower
09:24 Scout Tower
09:29 Guard Tower
10:06 Guard Tower
10:13 Arcane Sanctum
10:48 Scout Tower
10:49 Scout Tower
10:49 Scout Tower
10:51 Scout Tower
10:51 Scout Tower
10:52 Scout Tower
11:01 Scout Tower
11:02 Scout Tower
11:06 Guard Tower
11:17 Guard Tower
11:22 Castle
11:26 Scout Tower
11:27 Scout Tower
11:28 Scout Tower
11:28 Scout Tower
11:30 Scout Tower
11:33 Scout Tower
12:11 Guard Tower
12:12 Scout Tower
12:15 Scout Tower
12:16 Scout Tower
12:29 Gryphon Aviary
13:46 Arcane Vault
13:47 Arcane Vault
13:51 Guard Tower
13:56 Guard Tower
13:56 Guard Tower
13:56 Guard Tower
14:00 Guard Tower
14:00 Guard Tower
14:00 Guard Tower
14:51 Scout Tower
14:52 Scout Tower
14:55 Scout Tower
14:56 Scout Tower
14:57 Scout Tower
15:31 Guard Tower
16:01 Farm
16:01 Farm
16:03 Farm
16:42 Guard Tower
16:42 Guard Tower
16:48 Scout Tower
16:49 Scout Tower
16:49 Scout Tower
16:51 Scout Tower
16:51 Scout Tower
16:52 Scout Tower
17:12 Guard Tower
17:15 Scout Tower
17:16 Scout Tower
17:17 Scout Tower
17:18 Scout Tower
17:19 Scout Tower
18:05 Guard Tower
18:14 Barracks
18:15 Blacksmith
18:20 Guard Tower
18:30 Scout Tower
18:31 Scout Tower
19:28 Guard Tower
19:31 Scout Tower
19:31 Scout Tower
19:32 Scout Tower
19:32 Scout Tower
20:18 Guard Tower
20:37 Scout Tower
20:38 Scout Tower
20:39 Scout Tower
20:40 Scout Tower
20:40 Scout Tower
20:41 Scout Tower
20:48 Guard Tower
21:24 Guard Tower
21:27 Scout Tower
22:03 Guard Tower
22:08 Scout Tower
22:08 Scout Tower
22:09 Scout Tower
22:10 Scout Tower
22:12 Scout Tower
22:13 Scout Tower
» items
| Staff of Teleportation | 2 | |
| Boots of Speed | 2 | |
| Lesser Clarity Potion | 3 | |
| Healing Salve | 2 | |
| Orb of Lightning | 2 | |
| Staff of Sanctuary | 2 | |
13 total
Chat log
(00:01 / All) BEAR_AND: sec
(00:01 / All) Procede: dick in my tits
(00:02 / All) BEAR_AND: 1sec
(00:03 / All) iggy_the_fisk: hold u
(00:06 / All) Procede: hocke <3
(00:06 / All) P1T-L0RD: WELL GUESS WHAT CHINESE IS DONE IN 15
(00:07 / All) BEAR_AND: i mean we all @ a lan centre right now
(00:07 / All) Procede: hockey*
(00:09 / All) P1T-L0RD: SO I G2G TOO
(00:26 / All) Procede: lol "centre"
(00:28 / All) Procede: OK
(00:29 / All) Procede: gg
(01:02 / All) BEAR_AND: hey goud luck have fun
(01:08 / All) P1T-L0RD: yeah gl guys
(01:10 / All) P1T-L0RD: u all in a clan?
(01:14 / All) TIMG4STRok: wait ghold on
(01:14 / All) Procede: ya good luck eh?
(01:16 / All) TIMG4STRok: wrong pizza
(01:19 / All) TIMG4STRok: they fuck up my order
(01:19 / All) BEAR_AND: thank you for good manner :)
(01:23 / All) iggy_the_fisk: not letting fellow man eat a pineaple pizza..
(01:29 / All) Pyro.ArcheR.: i love pinapple
(01:47 / All) Procede: tittties AND beer
(02:20 / All) BEAR_AND: wow
(02:25 / All) TIMG4STRok: wow a zow
(02:25 / All) P1T-L0RD: haha
(02:31 / All) BEAR_AND: nice use of gold i guess
(02:37 / All) iggy_the_fisk: yowza yowza yowza
(02:58 / All) Procede: ass fuck
(03:45 / All) Procede: pro
(03:49 / All) Procede: great job
(03:54 / All) TIMG4STRok: ty
(05:00 / All) BEAR_AND: gl hf
(05:07 / All) TIMG4STRok: good luck suck my duck
(17:48 / All) BEAR_AND: nice
(19:24 / All) P1T-L0RD: fucking lame ass niggers id rape u all in solo hahahahaa
(19:30 / All) iggy_the_fisk: 1v1?
(19:33 / All) iggy_the_fisk: 1v1 bitches?
(19:34 / All) Procede: accepted
(19:39 / All) Procede: u stupid fucking canuck
(19:53 / All) iggy_the_fisk: aargh how do i beat towers my american eyelids too fat
(19:56 / All) Procede: u don't know
(19:58 / All) Procede: how to play wc3
(19:59 / All) iggy_the_fisk: Greasy cheeseburger fingers can't click
(20:01 / All) BEAR_AND: wow
(20:03 / All) BEAR_AND: i beat you
(20:04 / All) Procede: i play hockey?
(20:05 / All) BEAR_AND: you lose to towers?
(20:07 / All) Procede: and we own canadians?
(20:11 / All) Procede: you guys think you're so damn good
(20:11 / All) BEAR_AND: 111
(20:12 / All) Pyro.ArcheR.: canada sucks
(20:18 / All) BEAR_AND: what a matter?
(20:19 / All) Procede: and ur fukcing not
(20:21 / All) BEAR_AND: can't kill a tower?
(20:22 / All) iggy_the_fisk: no we suck
(20:24 / All) iggy_the_fisk: we rarely win
(20:27 / All) Procede: at hockey you guys aren't the best at it
(20:28 / All) iggy_the_fisk: Only against the true noob
(20:29 / All) iggy_the_fisk: can we win
(20:34 / All) Procede: you have more players
(20:40 / All) BEAR_AND: who the fuck is talking about hockey?
(20:41 / All) Procede: lol k little caesars vs. toronto marlboros
(20:43 / All) BEAR_AND: we're playing war3
(20:51 / All) TIMG4STRok: USA
(20:52 / All) Procede: clan ggmf
(20:52 / All) TIMG4STRok: VS USSR
(20:56 / All) TIMG4STRok: MIRACLE ON ICE!!
(21:05 / All) Procede: uhmm
(21:08 / All) BEAR_AND: bobby orr
(21:09 / All) BEAR_AND: scores
(21:12 / All) BEAR_AND: #4 bobby orr
(21:18 / All) BEAR_AND: flying across centre ice
(21:20 / All) TIMG4STRok: usa #1
(21:21 / All) BEAR_AND: leave noob
(21:23 / All) iggy_the_fisk: don cherry is my funny uncle
(21:37 / All) Procede: u guys aren't as good as you think you are
(22:09 / All) Procede: clan ggmf
(22:13 / All) BEAR_AND: leave
(22:16 / All) BEAR_AND: You lose noob
(22:16 / All) iggy_the_fisk: u gonnad odge bitches?
(22:27 / All) BEAR_AND: i eat all your moonjuice
(22:28 / All) iggy_the_fisk: nope
(22:28 / All) BEAR_AND: noob bitch
(22:29 / All) Procede: clan ggmf
(22:30 / All) BEAR_AND: with autocast
(22:31 / All) TIMG4STRok: ehhhhhhhhhhhhhhhhhhhhhhhhh rofl pow
(22:31 / All) BEAR_AND: clan towa
(22:32 / All) Procede: Faggot
(22:34 / All) BEAR_AND: http://highper.ch
(22:35 / All) BEAR_AND: angry?
(22:35 / All) Procede: LOL K
(22:37 / All) BEAR_AND: angry about your lose?
(22:39 / All) Procede: SEE YA THERE SHIT FACE